 Dungeon Crawl Stone Soup version 0.18.1-8-gdd0e5ea (webtiles) character file.

76 cruasano the Charmwright (level 4, -2/30 HPs)
             Began as a High Elf Skald on May 30, 2016.
             Was an Initiate of Gozag.
             Slain by Ijyb
             ... wielding a +0 club
              (3 damage)
             ... on level 2 of the Dungeon.
             The game lasted 00:10:54 (2133 turns).

cruasano the Charmwright (High Elf Skald)           Turns: 2133, Time: 00:10:55

Health: -2/30      AC:  3    Str: 12    XL:     4   Next: 12%
Magic:  9/9        EV: 12    Int: 16    God:    Gozag
Gold:   89         SH:  0    Dex: 14    Spells: 2 memorised, 5 levels left

rFire  . . .     SeeInvis .     a - +1 falchion
rCold  . . .     Gourm    .     b - +0 leather armour
rNeg   . . .     Faith    .     (no shield)
rPois  .         Spirit   .     (no helmet)
rElec  .         Dismiss  .     (no cloak)
rCorr  .         Reflect  .     (no gloves)
SustAt .         Harm     .     (no boots)
MR     .....                    (no amulet)
Stlth  +.........               (no ring)
                                j - ring of wizardry

@: not resistant to hostile enchantments, very unstealthy
A: no striking features
a: Potion Petition, Call Merchant, Bribe Branch, Renounce Religion


You were on level 2 of the Dungeon.
You worshipped Gozag.
Gozag was noncommittal.
You were not hungry.

You visited 1 branch of the dungeon, and saw 2 of its levels.

You collected 110 gold pieces.
You paid 21 gold pieces to Gozag.

Inventory:

Hand Weapons
 a - a +1 falchion (weapon)
 i - a +0 scimitar
Armour
 b - a +0 leather armour (worn)
 d - a +0 shield
 h - a +0 ring mail
Jewellery
 j - a ring of wizardry (left hand)
Scrolls
 f - a scroll of magic mapping
Potions
 e - 2 potions of curing {unknown}
 g - a potion of resistance {unknown}
Books
 c - a book of Battle

   Spells                             Type                      Level
   a - Infusion                       Charms                       1
   b - Shroud of Golubria             Charms/Translocation         2
   c - Song of Slaying                Charms                       2
   d - Spectral Weapon                Hexes/Charms                 3
   e - Regeneration                   Charms/Necromancy            3
Comestibles
 k - a meat ration
 l - 3 fruits


   Skills:
 + Level 2.6 Fighting
 + Level 3.0 Long Blades
 + Level 1.6 Armour
 + Level 2.1 Dodging
 + Level 2.7 Spellcasting
 + Level 4.1 Charms


You had 5 spell levels left.
You knew the following spells:

 Your Spells              Type           Power        Failure   Level  Hunger
a - Infusion              Chrm           ###.         2%          1    #......
b - Song of Slaying       Chrm           ###.....     4%          2    ##.....


Dungeon Overview and Level Annotations

Branches:
Dungeon (2/15)

Altars:
Gozag

Annotations:
D:2 Ijyb


Message History

You now have 85 gold pieces (gained 9).
You now have 89 gold pieces (gained 4).
There are no items here.
You see here a robe.
k - a meat ration Ijyb the Twisted Goblin comes into view.
He is wielding a club.
Ijyb shouts!
You closely miss Ijyb. Ijyb hits you but does no damage.
You hit Ijyb.
Ijyb is moderately wounded.
Ijyb zaps a wand.
The bolt of lightning hits you!
Ouch! That really hurt!
* * * LOW HITPOINT WARNING * * *
The bolt of lightning misses you.
It is a wand of lightning.
You need at least 400 gold to purchase potions right now!
You closely miss Ijyb.
Ijyb is moderately wounded.
Ijyb hits you with a club.
You die...
Your body crumbles into a pile of gold.

.# #. .# #.# .# #####.#
.#####......
..[....###.#######
.................#
#####..#.....###.# #
####..#.....###.##.#####
#.##..#.....##.@g.......
#.#.........###..##.#####
.###.#...######..# # #
##.............
.###.##..######..#
#.#(###..# #..#
#...###..# #..#
..#......# #..#
#...###.##


You could see Ijyb.

Vanquished Creatures
  2 adders (D:2)
  5 dart slugs (D:1)
  3 giant geckos
  2 ball pythons (D:2)
  2 giant cockroaches (D:1)
  4 goblins (D:1)
  5 hobgoblins
  6 kobolds
  A quokka (D:2)
  5 bats
  2 giant newts
  7 rats
44 creatures vanquished.

Notes
Turn   | Place    | Note
--------------------------------------------------------------
     0 | D:1      | cruasano the High Elf Skald began the quest for the Orb.
     0 | D:1      | Reached XP level 1. HP: 14/14 MP: 4/4
   129 | D:1      | Reached XP level 2. HP: 8/19 MP: 6/6
   584 | D:1      | Reached skill level 1 in Armour
   825 | D:1      | Reached skill level 4 in Charms
   891 | D:1      | Reached XP level 3. HP: 17/25 MP: 7/7
   969 | D:1      | Learned a level 2 spell: Song of Slaying
  1575 | D:2      | Found an opulent altar of Gozag.
  1658 | D:2      | Became a worshipper of Gozag Ym Sagoz the Greedy
  2042 | D:2      | Reached XP level 4. HP: 27/30 MP: 9/9
  2129 | D:2      | Noticed Ijyb
  2131 | D:2      | HP: 1/30 [Ijyb/wand of lightning (29)]
  2133 | D:2      | Slain by Ijyb

Skill      XL: |  1  2  3 |
---------------+----------+-----
Armour         | 1 |  1.6
Charms         | 4 |  4.1
Long Blades    | 3 |  3.0
Dodging        | 2 |  2.1
Fighting       | |  2.6
Spellcasting   | |  2.7

Action                   |  1- 3 |  4- 6 || total
-------------------------+-------+-------++-------
Melee: Falchion          |   130 |    11 ||   141
 Cast: Infusion          |     4 |       ||     4
       Song of Slaying   |     1 |       ||     1
Invok: Potion Petition   |     1 |       ||     1
  Use: Scroll            |     3 |       ||     3
  Eat: Bread ration      |     1 |       ||     1
Armor: Leather armour    |    32 |     1 ||    33
       Ring mail         |     5 |       ||     5
Dodge: Dodged            |   122 |    14 ||   136
